AoeStats
← 雾鸦

Arena

508843969Analyzed
1v1 RM · 9d ago on Sep 24, 2026· 20m 16s· 2 players
Game mode
Random Map
Map size
Tiny (2 player)
Population
200
Speed
Normal
Resources
Standard
Victory
Conquest
Starting age
Dark Age
Ending age
Imperial Age
RankedLock teamsTeams togetherTeam positionsShared explorationLock speedFull tech treeHidden civsTurbo modeCheats
Victory
Defeat
🇧🇪 Italians · Belgium
613
+20
🇨🇳 Persians · China
706
-20
SuperZèbre
1:10 Loom
12:47 Feudal Age
18:42 Castle Age
17:27 Horse Collar
17:38 Double-Bit Axe
18:15 Stone Mining
18:16 Gold Mining
20:22 Heavy Plow
雾鸦
12:05 Feudal Age
16:57 Castle Age
15:35 Double-Bit Axe
15:49 Horse Collar
18:11 Loom
Connection lost

Rejoining the realm…

Still unreachable

The connection could not be restored.

Session expired

The server has moved on; the page needs a fresh start.